 Dungeon Crawl Stone Soup version 0.18-a0-1649-g8d9735b (webtiles) character file.

1602 dohliylev the Stinger (level 8, 0/41 HPs)
             Began as a Gargoyle Venom Mage on Mar 27, 2016.
             Slain by an ice beast (12 damage)
             ... on level 8 of the Dungeon on Mar 29, 2016.
             The game lasted 03:23:47 (7668 turns).

dohliylev the Stinger (Gargoyle Venom Mage)         Turns: 7668, Time: 03:23:49

Health: 0/41       AC: 10    Str: 12    XL:     8   Next: 94%
Magic:  0/17       EV: 14    Int: 18    God:
Gold:   393        SH:  0    Dex: 10    Spells: 3 memorised, 11 levels left

rFire  . . .     SeeInvis .     d - +3 spear (venom)
rCold  . . .     Gourm    +     a - +0 robe
rNeg   + . .     Faith    .     (no shield)
rPois  ∞         Spirit   .     (no helmet)
rElec  +         Dismiss  .     v - +0 cloak
rCorr  .         Reflect  .     f - +0 pair of gloves
SustAt .         Harm     .     o - +0 pair of boots
MR     .....                    h - amulet of the gourmand
Stlth  ++........               (no ring)
                                B - +2 ring of evasion

@: not resistant to hostile enchantments, unstealthy
A: negative energy resistance 1, electricity resistance, unbreathing,
petrification resistance, rot immunity, AC +5
a: no special abilities


You were on level 8 of the Dungeon.
You were very full.

You visited 2 branches of the dungeon, and saw 9 of its levels.

You collected 393 gold pieces.

Inventory:

Hand Weapons
 d - a +3 spear of venom (weapon)
 w - a +2 hand axe of draining
 A - a +0 vampiric short sword
 C - a +0 war axe of chopping
 I - a +1 hand axe of electrocution
Armour
 a - a +0 robe (worn)
 f - a +0 pair of gloves (worn)
 o - a +0 pair of boots (worn)
 v - a +0 cloak (worn)
 G - a +0 shield
Jewellery
 h - an amulet of the gourmand (around neck)
 B - a +2 ring of evasion (left hand)
Wands
 x - a wand of digging (5/24)
Scrolls
 e - 5 scrolls of teleportation {unknown}
 g - 2 scrolls of enchant armour {unknown}
 k - a scroll of immolation {unknown}
 l - 5 scrolls of identify {unknown}
 p - 2 scrolls of magic mapping {unknown}
 q - 2 scrolls of enchant weapon {unknown}
 y - a scroll of fear {unknown}
 z - 4 scrolls of blinking {unknown}
 H - a scroll of remove curse {unknown}
Potions
 i - 2 potions of brilliance {unknown}
 j - 2 potions of haste {unknown}
 m - a potion of might {unknown}
 n - a potion of heal wounds {unknown}
 r - a potion of magic {unknown}
 t - a potion of resistance {unknown}
 u - a potion of curing {unknown}
 E - a potion of mutation {unknown}
Books
 b - a Young Poisoner's Handbook

   Spells                             Type                      Level
   a - Sting                          Conjuration/Poison           1
   b - Cure Poison                    Poison                       2
   c - Mephitic Cloud                 Conjuration/Poison/Air       3
   d - Olgreb's Toxic Radiance        Poison                       4
   e - Venom Bolt                     Conjuration/Poison           5
 D - a book of Unlife

   Spells                             Type                      Level
   a - Recall                         Summoning/Translocation      3
   b - Animate Dead                   Necromancy                   4
   c - Control Undead                 Necromancy                   4
   d - Cigotuvi's Embrace             Necromancy                   5
   e - Death Channel                  Necromancy                   6
   f - Simulacrum                     Ice/Necromancy               6
Comestibles
 c - 7 bread rations
 s - 2 meat rations
 F - 3 chunks of flesh


   Skills:
 - Level 1.5 Dodging
 - Level 2.1 Stealth
 + Level 6.3 Spellcasting
 + Level 5.8 Conjurations
 + Level 1.4 Air Magic
 + Level 7.6 Poison Magic


You had 11 spell levels left.
You knew the following spells:

 Your Spells              Type           Power        Failure   Level  Hunger
a - Sting                 Conj/Pois      ####         1%          1    None
b - Mephitic Cloud        Conj/Pois/Air  ###.....     4%          3    ##.....
c - Olgreb's Toxic Radia  Pois           ####....     6%          4    ####...


Dungeon Overview and Level Annotations

Branches:
Dungeon (8/15)             Temple (1/1) D:4
   Lair: D:8-11

Altars:
Cheibriados
Dithmenos
Elyvilon
Fedhas
Gozag
Kikubaaqudgha
Nemelex Xobeh
Pakellas
Qazlal
Ru
Trog
Xom
Zin
The Shining One

Annotations:
D:5 Uhlv's ghost, novice GrBe


Innate Abilities, Weirdness & Mutations

You are resistant to torment.
Your stone body is resilient (AC +5).
You are immune to poison.
You resist negative energy.
You are resistant to electric shocks.
You can survive without breathing.
You are immune to petrification.
You are immune to rotting.


Message History

Aim: an ice beast (almost dead)
The sting hits the ice beast.
The ice beast completely resists.
The ice beast is almost dead.
The ice beast misses you.
Casting: Sting
Confirm with . or Enter, or press ? or * to list all spells.
Aiming: Sting
Press: ? - help, Shift-Dir - straight line, f/p - ice beast
Aim: an ice beast (almost dead)
The sting misses the ice beast.
The ice beast closely misses you.
You completely miss the ice beast.
The ice beast is almost dead.
The ice beast hits you but does no damage.
You barely miss the ice beast.
The ice beast is almost dead.
The ice beast hits you but does no damage.
The ice beast hits you.
* * * LOW HITPOINT WARNING * * *
The ice beast freezes you!
You die...

#.......# #.......#
#.......#
###############.(.....###
#.....#......##..........
#............##.......###
#.'#######'...#......##.#
#.#...#..Y#...#......#...
#.#...#.@.#...#......##.#
###.......#...#.......###
###._.###...######.....
###.......#...##......#..
#.#...#..)#..........#...
#.#...#...#..........#...
#.'#######÷..........#...
#....##.......##.....#...
#.#####......[##.....#...


You could see an ice beast.

Vanquished Creatures
  A human (D:7)
  An orc warrior (D:7)
  3 ogres
  A wolf (D:8)
  A centaur (D:5)
  A water moccasin zombie (D:6)
  A howler monkey (D:4)
  4 hounds
  A jelly (D:5)
  2 iguanas (D:4)
  3 orc priests
  A centaur skeleton (D:5)
  4 orc wizards
  5 worker ants
  A hound skeleton (D:5)
  A worker ant zombie (D:7)
  A gnoll (D:7)
  A howler monkey skeleton (D:5)
  13 adders
  2 oozes
  An adder skeleton (D:4)
  2 adder zombies
  3 worms (D:2)
  2 dart slugs
  7 giant geckos
  20 orcs
  12 bats
  6 giant cockroaches
  7 hobgoblins
  13 jackals
  A quokka (D:2)
  2 ball pythons
  6 giant newts
  3 goblins
  A jackal skeleton (D:4)
  5 kobolds
  A quokka zombie (D:5)
  6 rats
  2 butterflies (D:4)
148 creatures vanquished.

Notes
Turn   | Place    | Note
--------------------------------------------------------------
     0 | D:1      | dohliylev the Gargoyle Venom Mage began the quest for the Orb.
     0 | D:1      | Reached XP level 1. HP: 10/10 MP: 3/3
   461 | D:1      | Reached XP level 2. HP: 15/15 MP: 0/5
  1198 | D:2      | Reached XP level 3. HP: 19/19 MP: 2/6
  1389 | D:2      | Reached skill level 1 in Conjurations
  1698 | D:2      | Reached XP level 4. HP: 22/24 MP: 2/7
  1766 | D:2      | Learned a level 3 spell: Mephitic Cloud
  1772 | D:2      | Reached skill level 5 in Poison Magic
  2337 | D:2      | You fall through a shaft!
  2488 | D:3      | Learned a level 4 spell: Olgreb's Toxic Radiance
  2603 | D:3      | Reached XP level 5. HP: 28/28 MP: 7/9
  2607 | D:3      | Found an ancient bone altar of Kikubaaqudgha.
  3721 | D:4      | Found an opulent altar of Gozag.
  3727 | D:4      | Reached XP level 6. HP: 32/32 MP: 0/11
  3892 | D:4      | Found a staircase to the Ecumenical Temple.
  3898 | Temple   | Entered the Ecumenical Temple
  4277 | D:4      | Found a glowing golden altar of the Shining One.
  4878 | D:5      | Entered Level 5 of the Dungeon
  4902 | D:5      | Reached XP level 7. HP: 36/36 MP: 11/13
  4911 | D:5      | Reached skill level 6 in Poison Magic
  5049 | D:5      | Found a snail-covered altar of Cheibriados.
  5329 | D:5      | Noticed Uhlv's ghost (novice GrBe)
  5821 | D:6      | Upgraded the game from 0.18-a0-1639-g7533f42 to 0.18-a0-1649-g8d9735b
  5870 | D:6      | Reached skill level 5 in Spellcasting
  5870 | D:6      | Reached skill level 1 in Air Magic
  5870 | D:6      | Reached XP level 8. HP: 41/41 MP: 3/15
  6476 | D:6      | Reached skill level 5 in Conjurations
  6476 | D:6      | Reached skill level 7 in Poison Magic
  6487 | D:6      | Found a stormy altar of Qazlal.
  6946 | D:7      | Found a snail-covered altar of Cheibriados.
  7197 | D:7      | HP: 2/41 [phantom (5)]
  7497 | D:8      | Found a sacrificial altar of Ru.
  7668 | D:8      | Slain by an ice beast

Vault maps used:
D:1:      dpeg_arrival_yet_another_circle
D:2:      minmay_bisected
D:3:      kiku_gazebo_garden_becter, first_bread
D:4:      nicolae_tso_swordbearing_angel, overflow_temple_1_default,
          minmay_temple_entry_butterflies
D:5:      old_standard_altar, grunt_ministairs_5
D:6:      nicolae_qazlal_general_emergency, kennysheep_generic_room_7
D:7:      lightli_temple_of_fire, okawaru_humans, lemuel_round_altar,
          lemuel_zombie_altar_yredelemnul, basic_altar
D:8:      nicolae_ru_great_annihilating_truth, serial_shops, shop, serial_ice,
          serial_ice_b, serial_ice_j, serial_ice_c, serial_ice_n, serial_ice_m,
          serial_ice_d
Temple:   temple_eino_lava_8

Skill      XL: |  1  2  3  4  5  6  7  8 |
---------------+-------------------------+-----
Conjurations   | 1 2 3 4 5 |  5.8
Poison Magic   | 5 6 7 |  7.6
Spellcasting   | 3 4 5 6 |  6.3
Air Magic      | 1 |  1.4
Dodging        | |  1.5
Stealth        | |  2.1

Action                   |  1- 3 |  4- 6 |  7- 9 || total
-------------------------+-------+-------+-------++-------
Melee: Spear             |    16 |   100 |   134 ||   250
 Cast: Sting             |    62 |    89 |    81 ||   232
       Mephitic Cloud    |       |     8 |     9 ||    17
       Olgreb's Toxic Ra |       |     7 |    10 ||    17
 Stab: Sleeping          |       |     2 |     2 ||     4
       Confused          |       |     1 |       ||     1
       Paralysed         |       |       |     1 ||     1
  Eat: Chunk             |     3 |    27 |    14 ||    44
